 Dungeon Crawl Stone Soup version 0.28-a0-957-g42eb19b844 (webtiles) character file.

Game seed: 5022047107347953930

1367 Zonian the Wallflower (level 8, -4/61 HPs)
             Began as a Demonspawn Gladiator on Dec 1, 2021.
             Was a Believer of Uskayaw.
             Slain by an orc warrior (14 damage)
             ... on level 7 of the Dungeon.
             The game lasted 00:13:24 (9373 turns).

Zonian the Wallflower (Demonspawn Gladiator)        Turns: 9373, Time: 00:13:25

Health: -4/61      AC: 11    Str: 15    XL:     8   Next: 38%
Magic:  12/12      EV: 14    Int:  9    God:    Uskayaw [**....]
Gold:   379        SH:  0    Dex: 17    Spells: 7/7 levels left

rFire   . . .      SeeInvis .   e - +2 dagger (speed)
rCold   . . .      Faith    .   (no shield)
rNeg    . . .      Spirit   .   b - +0 leather armour
rPois   .          Reflect  .   c - +1 helmet
rElec   .          Harm     .   d - +2 cloak {Stlth+}
rCorr   .          Rampage  .   (no gloves)
Will    .....                   (no boots)
Stlth   +++.......              (no amulet)
HPRegen 0.20/turn               (no ring)
MPRegen 0.13/turn               (no ring)

@: no status effects
A: yellow scales 2, powered by pain 2, demonic touch 1
a: Renounce Religion, Stomp, Line Pass


You were on level 7 of the Dungeon.
You worshipped Uskayaw.
Uskayaw was noncommittal.
You visited 1 branch of the dungeon, and saw 7 of its levels.

You collected 379 gold pieces.

Inventory:

Hand Weapons
 a - a +0 trident
 e - a +2 dagger of speed (weapon)
 f - a +0 vorpal mace
 h - a +2 hand axe of venom
 l - a +2 vampiric short sword
Missiles
 j - 3 boomerangs (quivered)
 n - 17 poisoned darts
 q - 4 javelins
Armour
 b - a +0 leather armour (worn)
 c - a +1 helmet (worn)
 d - a +2 cloak of stealth (worn)
Wands
 p - a wand of flame (12)
Scrolls
 s - a scroll of teleportation
Potions
 g - 2 potions of brilliance
 i - a potion of berserk rage {unknown}
 k - 2 potions of cancellation {unknown}
 m - a potion of might {unknown}
 o - 2 potions of attraction


   Skills:
 + Level 4.4 Fighting
 + Level 2.2 Short Blades
 - Level 5.1 Polearms
 - Level 2.0 Throwing
 - Level 2.1 Armour
 + Level 4.5 Dodging
 + Level 3.1 Stealth
 + Level 5.8 Invocations


You had 7 spell levels left.
You didn't know any spells.
Your spell library was empty.

Dungeon Overview and Level Annotations

Branches:
Dungeon (7/15)             Temple (0/1) D:6

Altars:
Fedhas
Kikubaaqudgha
Qazlal
Uskayaw
Yredelemnul

Annotations:
D:5 1 runed translucent door
D:6 3 runed translucent doors, McGhostyFace's ghost, amateur GnDe


Innate Abilities, Weirdness & Mutations

You are mostly covered in yellow scales. (AC +3)
You sometimes gain power by taking damage.
Your touch may inflict minor irresistible damage on your foes.


Message History

Throw: throwing net
Press: ? - help, Q - select action, (/) - cycle Shift-Dir - straight line, f - orc warrior
Aim: an orc warrior, wielding a +0 mace and wearing a +0 plate armour (severely wounded, 63% to hit)
You throw a throwing net.
The throwing net closely misses the orc warrior.
The orc warrior hits you but does no damage.
Okay, then.
Aiming: Throw Flame
Press: ? - help, Shift-Dir - straight line, f/p - orc warrior
Aim: an orc warrior, wielding a +0 mace and wearing a +0 plate armour (severely wounded, 68% to hit)
The puff of flame hits the orc warrior but does no damage.
The orc warrior is severely wounded.
The orc warrior hits you but does no damage.
Aiming: Throw Flame
Press: ? - help, Shift-Dir - straight line, f/p - orc warrior
Aim: an orc warrior, wielding a +0 mace and wearing a +0 plate armour (severely wounded, 68% to hit)
The puff of flame hits the orc warrior!
The orc warrior is almost dead.
The orc warrior hits you with a +0 mace.
The orc warrior closely misses you.
You barely miss the orc warrior.
The orc warrior is almost dead.
The orc warrior hits you with a +0 mace.
You hit the orc warrior but do no damage.
The orc warrior is almost dead.
The orc warrior hits you from afar with a +1 halberd of flaming.
* * * LOW HITPOINT WARNING * * *
The orc warrior burns you.
* * * LOW HITPOINT WARNING * * *
Unknown command.
Okay, then.
Aiming: Throw Flame
Press: ? - help, Shift-Dir - straight line, f/p - orc warrior
Aim: an orc warrior, wielding a +0 mace and wearing a +0 plate armour (almost dead, 68% to hit)
The puff of flame hits the orc warrior but does no damage.
The orc warrior is almost dead.
The orc warrior hits you with a +0 mace.
* * * LOW HITPOINT WARNING * * *
The orc warrior hits you from afar with a +1 halberd of flaming!
You die...

#.# #<#
######.#############.##
#..............(.......
###############.####+######
...................
.......{o))........
....###o###....#.## ... #@#
#....# ## #.# #....# #.#
#....# #.# ##.### #.# o#
#+# .# .# .# .#


You could see 2 orc warriors.

Vanquished Creatures
  An ice beast (D:6)
  An ogre (D:4)
  A necrophage (D:4)
  2 centaurs
  Blork the orc (D:5)
  A kobold brigand (D:6)
  3 scorpions
  2 killer bees (D:6)
  A howler monkey (D:6)
  6 orc priests
  Crazy Yiuf (D:5)
  2 hounds
  An orc wizard (D:5)
  2 killer bee zombies
  3 gnolls (D:5)
  7 adders
  An ufetubus (D:5)
  An adder skeleton (D:4)
  2 worms
  A dart slug (D:1)
  22 orcs
  6 ball pythons
  6 endoplasms
  3 giant cockroaches
  5 goblins
  9 hobgoblins
  10 kobolds
  5 quokkas
  7 bats
  A frilled lizard (D:1)
  A jackal skeleton (D:5)
  A jackal zombie (D:5)
  5 rats
121 creatures vanquished.

Vanquished Creatures (others)
  An orc wizard (D:5)
  2 fungi (D:3)
  3 plants (D:3)
6 creatures vanquished.

Grand Total: 127 creatures vanquished

Notes
Turn   | Place    | Note
-------+----------+-------------------------------------------
     0 | D:1      | Zonian the Demonspawn Gladiator began the quest for the
                  | Orb.
     0 | D:1      | Reached XP level 1. HP: 16/16 MP: 1/1
   185 | D:1      | You fall into a shaft and drop 1 floor!
   186 | D:2      | Found a hide-covered altar of Uskayaw.
   197 | D:2      | Gained mutation: You are partially covered in yellow
                  | scales. (AC +2) [demonic ancestry]
   197 | D:2      | Reached XP level 2. HP: 17/22 MP: 2/2
   359 | D:2      | Became a worshipper of Uskayaw the Reveller
   433 | D:2      | Reached * piety under Uskayaw
   718 | D:1      | Reached ** piety under Uskayaw
   836 | D:1      | Reached *** piety under Uskayaw
   840 | D:1      | Reached **** piety under Uskayaw
   869 | D:1      | Reached XP level 3. HP: 27/27 MP: 3/3
  3115 | D:3      | Reached skill level 1 in Invocations
  3396 | D:3      | Reached XP level 4. HP: 30/34 MP: 5/5
  3445 | D:3      | Reached skill level 1 in Stealth
  3805 | D:3      | Reached skill level 1 in Armour
  3827 | D:3      | Found a stormy altar of Qazlal.
  3828 | D:3      | Found a blossoming altar of Fedhas.
  4760 | D:3      | Gained mutation: You sometimes gain a little power by
                  | taking damage. [demonic ancestry]
  4760 | D:3      | Reached XP level 5. HP: 39/39 MP: 6/6
  5259 | D:4      | Noticed a phantom
  5514 | D:4      | Gained mutation: You are mostly covered in yellow scales.
                  | (AC +3) [demonic ancestry]
  5514 | D:4      | Reached XP level 6. HP: 46/46 MP: 8/8
  6590 | D:5      | Entered Level 5 of the Dungeon
  6593 | D:5      | Gained mutation: Your touch may inflict minor irresistible
                  | damage on your foes. [demonic ancestry]
  6593 | D:5      | Reached XP level 7. HP: 52/52 MP: 9/9
  6730 | D:5      | Found a runed translucent door.
  6731 | D:5      | Noticed Crazy Yiuf
  6827 | D:5      | Reached skill level 5 in Polearms
  7254 | D:5      | You fall into a shaft and drop 1 floor!
  7271 | D:6      | Found a runed translucent gate.
  7272 | D:6      | Noticed McGhostyFace's ghost (amateur GnDe)
  7363 | D:5      | Noticed Blork the orc
  7386 | D:5      | Killed Blork the orc
  7461 | D:5      | Found a runed translucent door.
  7461 | D:5      | Noticed a human
  7465 | D:5      | Found a basalt altar of Yredelemnul.
  7640 | D:5      | Killed Crazy Yiuf
  7732 | D:6      | Reached skill level 1 in Short Blades
  7741 | D:6      | Reached skill level 5 in Invocations
  7905 | D:6      | Noticed an eight-headed hydra
  7915 | D:6      | Found a runed translucent gate.
  7915 | D:6      | Found a runed translucent gate.
  7940 | D:6      | Gained mutation: You sometimes gain power by taking damage.
                  | [demonic ancestry]
  7940 | D:6      | Reached XP level 8. HP: 57/60 MP: 11/11
  7999 | D:6      | Found a staircase to the Ecumenical Temple.
  8136 | D:6      | Found an ancient bone altar of Kikubaaqudgha.
  9373 | D:7      | Slain by an orc warrior

Illustrated notes

Levels and vault maps discovered:
D:1:      dpeg_arrival_radiant, layout_basic
D:2:      layout_loops_corners, basic_altar, kennysheep_pointless_box
D:3:      layout_basic, grunt_temple_overflow_forces_of_nature
D:4:      layout_basic, lemuel_another_geyser
D:5:      layout_cave_pools, dk_yredelemnul_ordeal, uniq_blork_the_orc,
          uniq_crazy_yiuf_cottage
D:6:      layout_cave_pools, marbit_many_paths,
          minmay_temple_entry_drinking_statues, gammafunk_ghost_split,
          grunt_ministairs_15
D:7:      layout_basic, nicolae_take_the_stairs

Skill      XL: |  1  2  3  4  5  6  7  8 |
---------------+-------------------------+-----
Throwing       | 2 |  2.0
Polearms       | 3 4 5 |  5.1
Invocations    | 1 2 3 5 |  5.8
Dodging        | 3 4 |  4.5
Stealth        | 1 2 3 |  3.1
Armour         | 1 2 |  2.1
Fighting       | 3 4 |  4.4
Short Blades   | 1 2 |  2.2

Action                   |  1- 3 |  4- 6 |  7- 9 || total
-------------------------+-------+-------+-------++-------
Melee: Trident           |   164 |   195 |    49 ||   408
       Dagger            |       |       |   177 ||   177
       Touch             |       |       |    49 ||    49
Throw: Throwing net      |       |     4 |     2 ||     6
Invok: Line Pass         |       |     1 |       ||     1
Evoke: Wand              |       |       |     3 ||     3
  Use: Scroll            |       |     6 |     1 ||     7
       Potion            |       |       |     3 ||     3
 Stab: Sleeping          |     4 |     2 |     3 ||     9
       Paralysed         |     1 |     3 |     6 ||    10
       Held in net/web   |       |     2 |       ||     2
Armor: Leather armour    |    36 |    66 |    70 ||   172
Dodge: Dodged            |    83 |   121 |   124 ||   328

Table legend: (Time is in decaauts)
 A = Elapsed time spent in this place.
 B = Non-inter-level travel time spent in this place.
 C = Inter-level travel time spent in this place.
 D = Time resting spent in this place.
 E = Time spent auto-exploring this place.
 F = Levels seen in this place.
 G = Mean time per level.
                   A        B        C        D        E       F      G
               +--------+--------+--------+--------+--------+-----+--------+
         Total |   9340 |   9028 |    312 |   3589 |   3947 |   7 | 1334.3 |
       Dungeon |   9340 |   9028 |    312 |   3589 |   3947 |   7 | 1334.3 |
               +--------+--------+--------+--------+--------+-----+--------+

Top non-repeatable levels by time:
     D:2: 2249 daAuts
     D:3: 2110 daAuts
     D:6: 1478 daAuts
     D:4: 1329 daAuts
     D:5: 1088 daAuts
     D:1: 943 daAuts
     D:7: 141 daAuts
